Map: Orbital Shipyard

Players

orphan

  • Race: Zerg Zerg
  • League: Diamond

LilDicky - Winner!

  • Race: Terran Terran
  • League: Diamond

VOD

http://www.twitch.tv/tumescentpie

Description

Time

  • Played on: Nov. 30, 2015, 12:43 p.m.
  • Length: 23:20
Show
View Real Time Build Order
Export as new Build Order

orphan Zerg 

Build Orders: Hatch First 

Get SALT Encoding   

  12  0:01  Drone  
  13  0:12  Overlord  
  13  0:17  Drone  
  14  0:30  Drone  
  14  0:31  Drone  
  14  0:34  Drone  
  17  0:55  Hatchery  
  16  0:57  Drone  
  16  1:00  Drone  
  18  1:05  Extractor  
  17  1:16  Spawning Pool  
  17  1:18  Drone  
  17  1:22  Drone  
  18  1:30  Overlord  
  18  1:43  Drone  
  19  2:03  Queen  
  19  2:04  Zergling x2  
  19  2:05  Zergling x2  
  19  2:06  Queen  
  25  2:10  Drone  
  25  2:11  Metabolic Boost  
  25  2:14  Drone  
  27  2:17  Drone  
  27  2:22  Drone  
  29  2:28  Drone  
  30  2:33  Drone  
  31  2:39  Drone  
  31  3:01  Zergling x2  
  31  3:02  Zergling x2  
  33  3:09  Drone  
  33  3:10  Drone  
  33  3:11  Overlord x2  
  33  3:12  Hatchery  
  34  3:29  Queen  
  36  3:38  Drone  
  36  3:39  Drone x7  
  44  3:43  Roach Warren  
  44  3:44  Extractor  
  44  3:45  Extractor  
  41  3:50  Drone x3  
  41  3:51  Drone  
  45  3:56  Drone  
  45  3:59  Overlord  
  46  4:09  Drone x3  
  50  4:10  Drone  
  50  4:24  Lair  
  50  4:28  Drone  
  50  4:29  Evolution Chamber, Drone  
  50  4:31  Evolution Chamber  
  50  4:37  Roach x5  
  60  4:45  Baneling Nest  
  60  4:47  Overlord x2  
  59  5:01  Zerg Missile Weapons Level 1, Zerg Ground Armor Level 1  
  59  5:07  Drone  
  59  5:08  Drone x7  
  59  5:10  Drone  
  59  5:12  Drone  
  69  5:14  Drone  
  69  5:15  Drone  
  69  5:16  Drone  
  72  5:21  Glial Reconstitution  
  72  5:35  Spore Crawler  
  71  5:36  Spore Crawler  
  71  5:41  Drone x2, Spire  
  71  5:42  Drone, Extractor  
  72  5:43  Drone x2  
  72  5:44  Drone x2  
  72  5:48  Extractor  
  72  5:49  Overlord x2, Extractor  
  73  5:51  Centrifical Hooks  
  73  5:56  Drone  
  74  6:02  Overlord x2  
  74  6:13  Drone  
  74  6:14  Drone x10  
  85  6:22  Overlord  
  85  6:23  Overlord x2  
  85  6:36  Roach x7  
  99  6:42  Overlord x2  
  99  6:50  Roach x5  
  99  6:51  Roach  
  99  6:52  Zergling x2  
  112  7:02  Zerg Missile Weapons Level 2  
  112  7:03  Zerg Ground Armor Level 2  
  112  7:10  Overlord x2  
  112  7:14  Ravager  
  112  7:15  Ravager x6  
  119  7:18  Zergling x4  
  119  7:19  Zergling x16  
  129  7:31  Corruptor x2  
  129  7:32  Corruptor  
  134  7:51  Corruptor x2  
  134  7:54  Corruptor  
  140  8:01  Corruptor  
  142  8:11  Hatchery, Overlord  
  142  8:12  Overlord x3  
  141  8:21  Corruptor x2  
  145  8:33  Zerg Flyer Weapons Level 1  
  145  8:40  Infestation Pit  
  144  8:44  Overlord x3  
  144  8:45  Roach  
  144  8:46  Roach x10  
  166  8:49  Baneling  
  166  8:50  Baneling x2  
  166  9:15  Hydralisk Den  
  166  9:17  Hive  
  165  9:20  Roach x9  
  165  9:23  Zergling x2  
  165  9:24  Zergling x10  
  189  9:29  Queen  
  191  9:33  Drone x3  
  191  9:34  Drone x3  
  191  9:35  Drone x2  
  191  9:36  Drone  
  191  9:37  Extractor  
  199  9:41  Extractor  
  185  10:25  Corruptor x4  
  191  11:06  Viper x2  
  191  11:07  Viper  
  200  11:26  Overseer  
  200  11:45  Zerg Missile Weapons Level 3  
  200  11:46  Zerg Ground Armor Level 3  
  200  12:15  Hydralisk Den  
  196  12:24  Viper x2  
  190  12:32  Roach x4  
  198  12:45  Muscular Augments  
  198  13:26  Ultralisk Cavern  
  170  13:56  Roach x12  
  170  13:57  Roach  
  137  14:47  Roach  
  137  14:48  Roach x6  
  143  14:53  Roach x12  
  143  14:54  Roach x12  
  143  14:56  Overlord x4  
  143  14:57  Overlord x2  
  191  15:12  Viper x2  
  186  15:35  Roach x9  
  195  15:36  Roach x2  
  159  15:56  Ultralisk  
  164  15:57  Ultralisk x8  
  187  16:43  Viper x3  
  171  17:23  Hatchery  
  171  17:26  Hydralisk x8  
  171  17:27  Hydralisk x10  
  167  17:38  Corruptor x7  
  112  18:14  Roach  
  112  18:15  Roach x5  
  103  18:41  Roach x5  
  109  18:58  Zergling x2  
  109  18:59  Zergling x4  
  112  19:05  Hatchery  
  112  19:06  Hatchery  
  110  19:12  Hatchery  
  88  20:05  Roach x9  
  106  20:10  Baneling x2  
  106  20:13  Drone  
  107  20:38  Roach x6  
  107  20:39  Roach x2  
  116  21:13  Overseer  
  112  21:56  Overseer  
Show
View Real Time Build Order
Export as new Build Order

LilDicky Terran - Winner!

Build Orders: Bio Tank, MMM Bio 

Get SALT Encoding   

  12  0:02  SCV  
  14  0:14  SCV  
  14  0:19  Supply Depot  
  14  0:26  SCV  
  15  0:28  Refinery  
  15  0:40  SCV  
  16  0:45  Barracks  
  16  0:52  SCV  
  17  1:04  SCV  
  18  1:17  SCV  
  19  1:29  SCV  
  20  1:42  Reaper  
  20  1:44  Orbital Command  
  20  1:45  Command Center  
  21  1:51  Refinery  
  21  1:55  Supply Depot  
  21  2:09  SCV  
  21  2:15  Marine  
  22  2:21  SCV, Factory  
  24  2:33  SCV  
  25  2:40  Barracks Tech Lab  
  25  2:56  SCV  
  25  2:58  Orbital Command  
  26  3:09  Barracks Reactor  
  26  3:12  Siege Tank, Starport  
  29  3:14  SCV  
  30  3:26  SCV  
  31  3:36  SCV  
  31  3:40  SCV  
  33  3:44  Siege Tank  
  33  3:47  Command Center  
  33  3:48  SCV, Marine x2  
  37  3:52  SCV  
  40  4:00  SCV, Refinery  
  41  4:04  SCV, Refinery  
  41  4:09  Liberator  
  42  4:13  SCV  
  45  4:24  Supply Depot, Siege Tank  
  48  4:31  SCV, Marine x2  
  51  4:36  SCV  
  53  4:47  SCV  
  53  4:48  Marine x2  
  56  5:07  Liberator x2  
  56  5:08  SCV x2  
  56  5:12  Command Center  
  58  5:23  Barracks  
  58  5:25  Barracks, Orbital Command  
  58  5:26  SCV  
  58  5:27  SCV  
  66  5:29  Barracks Reactor  
  66  5:33  Siege Tank  
  69  5:54  SCV  
  69  5:56  SCV x2  
  72  6:02  Command Center  
  72  6:03  Refinery  
  72  6:04  Refinery  
  72  6:06  SCV, Liberator  
  72  6:08  SCV x2  
  75  6:13  Marine x2  
  75  6:17  Barracks Tech Lab x2  
  77  6:24  SCV x3  
  83  6:28  Supply Depot  
  84  6:33  Orbital Command  
  84  6:36  SCV  
  84  6:38  SCV x2, Marine  
  84  6:39  Marine x2  
  91  6:40  Marauder  
  91  6:42  Combat Shields, Stimpack  
  91  6:44  Liberator  
  91  6:45  Engineering Bay  
  91  6:48  SCV  
  91  6:50  SCV  
  91  6:51  Liberator  
  93  6:56  Marine x2  
  93  6:57  Marine  
  93  7:00  Marine  
  97  7:03  Supply Depot  
  100  7:08  SCV x4  
  100  7:11  Supply Depot  
  107  7:20  SCV  
  108  7:26  SCV  
  108  7:27  SCV  
  110  7:31  Supply Depot x2, SCV x2  
  110  7:33  Missile Turret  
  110  7:36  Missile Turret  
  112  7:37  Liberator x2  
  112  7:39  Missile Turret x2  
  112  7:40  Missile Turret  
  112  7:41  Marine x3  
  112  7:42  Missile Turret x2, Marine  
  116  7:50  SCV x4  
  120  7:52  Siege Tank  
  129  7:59  Marine x2  
  129  8:02  SCV, Starport  
  129  8:03  Starport  
  132  8:07  SCV x2  
  132  8:10  Refinery  
  132  8:11  Factory, Refinery  
  134  8:33  Siege Tank, Missile Turret  
  137  8:34  Missile Turret  
  137  8:38  Missile Turret  
  137  8:44  Starport Tech Lab x2  
  137  8:58  Missile Turret  
  137  9:00  Missile Turret  
  137  9:01  Missile Turret  
  137  9:07  Planetary Fortress  
  137  9:16  Command Center  
  137  9:21  Liberator  
  137  9:22  Liberator  
  137  9:23  Missile Turret  
  137  9:27  Supply Depot  
  137  9:29  Marine x2  
  137  9:30  Marine x2  
  141  9:32  Banshee x2  
  141  9:33  Corvid Reactor  
  141  9:34  Cloaking Field  
  147  9:42  Fusion Core  
  147  9:44  Armory  
  153  9:47  Marine x2  
  153  9:48  Engineering Bay  
  153  9:49  Marine x2  
  153  9:50  Terran Infantry Weapons Level 1, Engineering Bay  
  157  9:58  Command Center  
  157  10:00  Command Center  
  157  10:05  Marine  
  156  10:10  Liberator x2  
  156  10:11  Liberator x2  
  162  10:36  Missile Turret  
  162  10:48  Supply Depot  
  162  10:49  Supply Depot  
  162  10:53  Missile Turret, Liberator  
  162  11:06  Missile Turret  
  165  11:27  Command Center  
  165  11:29  Command Center  
  165  11:34  Refinery  
  165  11:35  Banshee x2  
  165  11:37  Refinery  
  165  11:38  Factory Reactor  
  165  11:39  Infernal Pre-Igniter  
  171  11:40  Marine  
  171  11:41  Marine x3  
  171  11:43  Planetary Fortress x2  
  175  11:48  SCV  
  175  11:49  SCV x4  
  175  11:52  Missile Turret  
  180  11:58  Marine  
  180  11:59  Command Center, Marine x3  
  180  12:01  SCV x2  
  186  12:07  Missile Turret  
  186  12:10  Missile Turret  
  186  12:12  Liberator  
  186  12:13  Liberator  
  183  12:16  Marine x3  
  183  12:17  Marine  
  183  12:18  Banshee  
  188  12:24  SCV x2  
  188  12:28  Raven  
  192  12:35  Marauder  
  200  12:48  Planetary Fortress  
  200  13:06  Planetary Fortress  
  200  13:16  Missile Turret  
  200  13:39  Planetary Fortress  
  200  13:41  Barracks x2  
  200  13:42  Barracks  
  200  13:43  Barracks x2  
  200  13:47  Barracks  
  106  14:15  Liberator x2  
  106  14:25  Marine  
  106  14:26  Marine x3  
  106  14:30  Missile Turret  
  110  14:31  Banshee x2  
  119  14:43  Marine  
  119  14:44  Marine x3  
  117  14:49  Marine x6  
  108  14:57  Liberator x2  
  108  14:58  Hellion, Liberator  
  108  14:59  Hellion, Siege Tank  
  111  15:01  Marine  
  111  15:02  Marine x3  
  111  15:06  Marine  
  113  15:07  Marine x5  
  106  15:14  Command Center  
  106  15:18  Command Center  
  106  15:19  Marine x4  
  118  15:24  Marine  
  118  15:25  Marine x5  
  118  15:26  Orbital Command  
  122  15:31  Siege Tank  
  116  15:37  Marine x4  
  116  15:42  Marine  
  120  15:43  Marine x5  
  119  15:54  Marine  
  119  15:55  Marine x3  
  119  15:56  Hellion x2  
  124  16:00  Marine x6  
  124  16:03  Siege Tank  
  133  16:12  Marine  
  133  16:13  Marine x3  
  133  16:18  Marine x6  
  135  16:30  Marine  
  135  16:31  Marine x3  
  125  16:34  Liberator x2  
  125  16:35  Marine  
  125  16:36  Marine x5  
  121  16:48  Marine x3  
  121  16:49  Marine  
  121  16:50  Banshee  
  121  16:51  Banshee  
  121  16:53  Marine  
  121  16:54  Marine x5  
  135  16:56  SCV x5  
  135  16:57  Refinery  
  135  16:58  Refinery  
  135  16:59  Planetary Fortress  
  145  17:03  Missile Turret  
  145  17:04  Planetary Fortress  
  145  17:06  Marine x4  
  145  17:08  SCV x5, Refinery x2  
  150  17:11  Marine  
  150  17:12  Marine x5  
  157  17:16  Refinery  
  157  17:17  Liberator  
  157  17:20  SCV x5  
  161  17:24  Marine x3  
  161  17:25  Marauder  
  161  17:29  Marine x4  
  161  17:30  Marine  
  161  17:32  SCV x4  
  161  17:33  Banshee  
  161  17:34  Battlecruiser  
  172  17:41  Marine  
  172  17:42  Marine x2  
  165  17:46  Marine  
  165  17:47  Marine x3  
  167  18:00  Marine  
  167  18:03  Marine  
  167  18:05  Marine x3  
  167  18:18  Marauder  
  167  18:22  Marauder  
  167  18:23  Marine x3  
  147  18:39  Marauder  
  147  18:40  Liberator  
  147  18:41  Marine  
  134  18:43  Marauder, Marine  
  133  18:55  Marine  
  134  18:57  Battlecruiser  
  134  18:58  Banshee, Marine  
  134  19:00  Marine  
  134  19:01  Marine  
  149  19:04  Marine  
  150  19:13  Marine  
  150  19:16  SCV, Marine  
  150  19:17  SCV x2  
  155  19:18  Marine  
  155  19:19  Marine  
  155  19:22  Marine  
  158  19:30  Marine  
  159  19:34  Marine  
  159  19:36  Marine x2  
  158  19:40  Marine  
  158  19:41  Banshee  
  158  19:45  Viking  
  161  19:46  Viking  
  161  19:48  Marine  
  161  19:52  Marine  
  162  20:06  Supply Depot  
  162  20:18  Supply Depot  
  162  20:19  Supply Depot  
  162  20:21  Supply Depot  
  162  20:22  Marine  
  162  20:23  Supply Depot  
  162  20:25  Viking, Marauder  
  162  20:28  Banshee x2, Viking  
  169  20:33  Planetary Fortress  
  169  20:36  Missile Turret  
  169  20:37  Missile Turret  
  169  20:39  Missile Turret  
  169  20:40  Marauder  
  171  20:43  Supply Depot  
  171  20:45  Marine  
  172  20:55  Viking  
  174  21:01  Marauder  
  178  21:04  Marauder  
  178  21:06  Missile Turret  
  178  21:10  Banshee  
  167  21:22  Marine  
  167  21:25  Marauder  
  165  21:41  Marauder  
  165  21:46  Marine  
  168  21:53  Banshee  
  168  21:54  Banshee, Viking x2  
  178  22:01  Marine  
  172  22:10  Marine  
  172  22:13  Command Center  
  173  22:19  Marine  
  174  22:24  Viking x2  
  174  22:27  Barracks x3  
  174  22:28  Barracks, Marine  
  174  22:29  Barracks  
  173  22:34  Barracks  
  173  22:36  Banshee x2  
  169  22:37  Marine  
  136  22:46  Marine  
  110  22:55  Marine  
Tags
 
Add a new tag
Caveats
  • Supply blocks, unpowered buildings, or Contaminate may cause inaccurate times.
  • Supply counts are checked every 10 seconds.